 Dungeon Crawl Stone Soup version 0.14-a0-1413-g94b8a5e (webtiles) character file.

108 4tharraofdagon the Changer (level 4, -2/36 HPs)
             Began as a Djinni Wanderer on Dec 11, 2013.
             Slain by a hound (4 damage)
             ... on Level 4 of the Dungeon.
             The game lasted 00:02:48 (436 turns).

4tharraofdagon the Changer (Djinni Wanderer)         Turns: 436, Time: 00:02:49

HP  -2/36        AC  3     Str 12      XL: 4   Next: 30%
MP   0/0         EV 11     Int 15      God:
Gold 20          SH  0     Dex 10      Spells:  1 memorised,  2 levels left

rFire  + + +     SeeInvis .     a - +3,+1 crossbow
rCold  x . .     Clarity  .     b - +0 robe
rNeg   + + +     Conserve .     (no shield)
rPois  .         rCorr    .     (no helmet)
rElec  .         rRot     .     m - +0 cloak
SustAb . .       Spirit   .     (no gloves)
rMut   .         Warding  .     (boots unavailable)
Saprov . . .     Stasis   .     (no amulet)
                                i - +1 ring of intelligence
                                f - cursed -2 ring of intelligence

@: about to teleport, flying, slightly resistant to hostile enchantments,
unstealthy
A: fire immunity, cold vulnerability, life protection 3
a: no special abilities


You were on level 4 of the Dungeon.
You were not hungry.

You visited 1 branch of the dungeon, and saw 4 of its levels.

You collected 20 gold pieces.

Inventory:

Hand weapons
 a - a +3,+1 crossbow (weapon)
 c - a +0,+0 dagger
 l - a +0,+1 orcish war axe
Missiles
 d - 10 bolts (quivered)
Armour
 b - a +0 robe (worn)
 m - a +0 cloak (worn)
Jewellery
 f - a cursed -2 ring of intelligence (left hand)
 i - a +1 ring of intelligence (right hand)
Potions
 e - 2 potions of curing
 g - a potion of confusion


   Skills:
 + Level 3.1 Fighting
 * Level 1.2 Axes
 + Level 2.2 Crossbows
 + Level 0.9 Armour
 - Level 1.5 Stealth
   Level 1.0 Charms
   Level 4.0 Transmutations


You had 2 spell levels left.
You knew the following spells:

 Your Spells              Type           Power        Failure   Level  Hunger
a - Pain                  Necr           #...         28%         1    ##.....


Dungeon Overview and Level Annotations

Branches:
Dungeon (4/16)
 Temple: D:4-7

Altars:

Annotations:
D:4 throttle's ghost, average FoFi


Innate Abilities, Weirdness & Mutations

You are immune to all types of fire, even holy and hellish.
You are vulnerable to cold.
You need no food.
You have no legs.
You are immune to negative energy.


Message History

* * * LOW HITPOINT WARNING * * *
The hobgoblin hits you but does no damage.
Unknown command.
Read which item? (? for menu, Esc to quit)
As you read the scroll labeled LYPNAO MOAHE, it crumbles to dust.
Use on which item? (\ to view known items) (? for menu, Esc to quit)
g - a potion of confusion It was a scroll of identify.
The giant frog skeleton hits you.
* * * LOW HITPOINT WARNING * * *
The hound closely misses you. The kobold closely misses you.
The goblin closely misses you. The hobgoblin closely misses you.
The giant frog skeleton hits you.
* * * LOW HITPOINT WARNING * * *
Unknown command.
Read which item? (? for menu, Esc to quit)
As you read the scroll labeled ZALUCLE SCHYZE, it crumbles to dust.
You feel strangely unstable.
It was a scroll of teleportation.
Throttle's ghost turns its malevolent gaze towards you.
The hound bites you.
You die...

... ....[. .......
.l...... . #........
... #.........
....###..........
........hg.........
........@g..........
.......K.z..........
......###(.........
...... #..S........
...s..###........##
p..............##
.!.............#
...............#
..###...........


You could see a hound (inner flame), throttle's ghost, an adder (inner flame), a
giant cockroach (inner flame), a hobgoblin (inner flame), a goblin (inner
flame), a kobold (inner flame), a giant newt (inner flame) and a giant frog
skeleton (inner flame).

Vanquished Creatures
  A hound (D:4)
  A worker ant (D:4)
  An adder (D:2)
  2 giant geckos
  5 orcs (D:3)
  A ball python (D:1)
  A bat (D:1)
  A giant cockroach (D:1)
  3 goblins
  2 hobgoblins (D:1)
  A giant newt (D:4)
  A kobold (D:4)
  3 rats
23 creatures vanquished.

Notes
Turn   | Place    | Note
--------------------------------------------------------------
     0 | D:1      | 4tharraofdagon, the Djinni Wanderer, began the quest for the Orb.
     0 | D:1      | Reached XP level 1. HP: 16/16 MP: 0/0
   176 | D:1      | Reached XP level 2. EP: 21/23
   299 | D:3      | Reached XP level 3. EP: 17/29
   353 | D:4      | Reached skill level 1 in Axes
   375 | D:4      | Reached XP level 4. EP: 13/36
   405 | D:4      | Noticed throttle's ghost (average FoFi)
   436 | D:4      | Slain by a hound

Action                   |  1- 3 |  4- 6 || total
-------------------------+-------+-------++-------
Melee: Dagger            |     2 |       ||     2
       War axe           |     4 |     1 ||     5
 Fire: Crossbow          |    38 |     7 ||    45
  Use: Scroll            |       |     3 ||     3
